 Dungeon Crawl Stone Soup version 0.30-a0-571-gdf30a72648 (webtiles) character file.

Game seed: 4817366833174248693

317 bmack86 the Chopper (level 6, -1/53 HPs)
             Began as a Minotaur Fighter on Dec 29, 2022.
             Slain by an ogre
             ... wielding a +0 giant club
              (12 damage)
             ... on level 4 of the Dungeon.
             The game lasted 00:10:22 (2600 turns).

bmack86 the Chopper (Minotaur Fighter)              Turns: 2600, Time: 00:10:23

Health: -1/53      AC: 14    Str: 22    XL:     6   Next: 20%
Magic:  5/5        EV:  6    Int:  7    God:
Gold:   149        SH:  4    Dex: 10    Spells: 5/5 levels left

rFire   . . .      SeeInvis .    a - +0 war axe
rCold   . . .      Faith    .    c - +0 buckler
rNeg    . . .      Spirit   .    m - +1 plate armour
rPois   .          Reflect  .    (helmet restricted)
rElec   .          Harm     .    (no cloak)
rCorr   +          Rampage  .    (no gloves)
Will    .....                    n - +0 pair of boots Stlth
                                 l - amulet "Puofag" {RegenMP rCorr Int+2 Slay+4 Stlth-}
HPRegen 0.28/turn                (no ring)
MPRegen 0.49/turn                (no ring)

@: no status effects
A: horns 2, retaliatory headbutt
a: no special abilities


You were on level 4 of the Dungeon.
You visited 1 branch of the dungeon, and saw 4 of its levels.

You collected 149 gold pieces.

Inventory:

Hand Weapons
 a - a +0 war axe (weapon)
Missiles
 f - 5 poisoned darts (quivered)
Armour
 b - a +0 scale mail
 c - a +0 buckler (worn)
 k - a +0 chain mail
 m - a +1 plate armour (worn)
 n - a +0 pair of boots (worn)
Jewellery
 l - the amulet "Puofag" (around neck) {RegenMP rCorr Int+2 Slay+4 Stlth-}
   (You acquired it on level 3 of the Dungeon)

   [amulet of magic regeneration]

   It increases your rate of magic regeneration.
   Int:       It affects your intelligence (+2).
   Slay:      It affects your accuracy & damage with ranged weapons and melee
   (+4).
   rCorr:     It protects you from acid and corrosion.
   Stlth:     It makes you less stealthy.
Wands
 o - a wand of digging (5)
Scrolls
 e - a scroll of teleportation
 j - 3 scrolls of fear
 p - 3 scrolls of magic mapping
Potions
 d - a potion of might
 g - a potion of degeneration {unknown}
 h - a potion of lignification {unknown}
 i - 2 potions of curing {unknown}
 q - a potion of mutation {unknown}


   Skills:
 + Level 4.7 Fighting
 * Level 5.1 Axes
 + Level 1.7 Throwing
 + Level 4.7 Armour
 + Level 4.8 Shields


You had 5 spell levels left.
You didn't know any spells.
Your spell library contained the following spells:

 Spells                   Type           Power      Damage    Failure   Level
 Slow                     Hex            0%         N/A       100%        1
 Summon Small Mammal      Summ           0%         N/A       100%        1
 Ensorcelled Hibernation  Hex/Ice        0%         N/A       100%        2
 Call Canine Familiar     Summ           0%         N/A       100%        3
 Confusing Touch          Hex            0%         N/A       100%        3
 Spider Form              Tmut/Pois      0%         N/A       100%        3
 Summon Guardian Golem    Hex/Summ       0%         N/A       100%        3
 Vampiric Draining        Necr           0%         2d6       100%        3
 Anguish                  Hex/Necr       0%         N/A       100%        4


Dungeon Overview and Level Annotations

Branches:
Dungeon (4/15)             Temple (0/1) D:4

Altars:
Ru
Uskayaw
Zin


Innate Abilities, Weirdness & Mutations

You have a pair of horns on your head.
You reflexively headbutt those who attack you in melee.


Message History

You closely miss the adder.
The adder bites you but does no damage. x2
You barely miss the adder. Your headbutt misses the adder.
The adder bites you but does no damage.
You closely miss the adder. The adder bites you but does no damage.
The adder barely misses you. You furiously retaliate!
You headbutt the adder!
You kill the adder!
You see here an adder corpse.
An iguana and a hobgoblin come into view.
The iguana hisses angrily.
The hobgoblin shouts!
You hit the hobgoblin.
The hobgoblin is heavily wounded.
You block the hobgoblin's attack.
You slash the hobgoblin!
You kill the hobgoblin!
You hit the iguana.
The iguana bites you but does no damage.
You hit the iguana.
The iguana is heavily wounded.
The iguana barely misses you. You furiously retaliate!
You headbutt the iguana!
You kill the iguana!
Found a scroll of poison.
An ogre comes into view. It is wielding a +0 giant club.
An endoplasm comes into view.
There is a fountain of clear blue water here.
Found a staircase to the Ecumenical Temple.
You slash the endoplasm!
You kill the endoplasm!
The ogre hits you with a +0 giant club!
Found 2 boomerangs.
You hit the ogre. You headbutt the ogre!
The ogre is heavily wounded.
The ogre hits you with a +0 giant club!
You completely miss the ogre.
The ogre is heavily wounded.
The ogre hits you with a +0 giant club!!
* * * LOW HITPOINT WARNING * * *
You slash the ogre! Your headbutt misses the ogre.
The ogre is almost dead.
The ogre hits you with a +0 giant club!
You die...

######.# #####
#.# ... # #.# .>.
.# #.# ... ..#
#.# ##.###.## #.#
#...#...#. #.#
#.⌠...⌠.(. #.#
#.@O# ##.####
##.## #......
####...# ##.####
# ###....⌠.# ##.#
#.######...##..?#
#..#
#........########
###### ####.#####
#.# #.# #.# #.#
#####.#


You could see an ogre.

Vanquished Creatures
  A black bear (D:4)
  A necrophage (D:3)
  An iguana (D:4)
  Ijyb (D:3)
  Robin (D:2)
  3 adders
  2 worms
  3 dart slugs
  4 ball pythons
  6 bats
  10 endoplasms
  3 giant cockroaches (D:1)
  10 goblins
  4 hobgoblins
  5 kobolds
  2 quokkas
  4 frilled lizards
  4 rats (D:1)
65 creatures vanquished.

Notes
Turn   | Place    | Note
-------+----------+-------------------------------------------
     0 | D:1      | bmack86 the Minotaur Fighter began the quest for the Orb.
     0 | D:1      | Reached XP level 1. HP: 19/19 MP: 0/0
   122 | D:1      | Reached XP level 2. HP: 27/27 MP: 1/1
   178 | D:1      | Reached skill level 3 in Axes
   534 | D:1      | Reached XP level 3. HP: 33/33 MP: 2/2
   752 | D:2      | Noticed Robin
   762 | D:2      | Killed Robin
  1263 | D:2      | Reached XP level 4. HP: 32/40 MP: 3/3
  1836 | D:3      | Found a hide-covered altar of Uskayaw.
  1836 | D:3      | Found a glowing silver altar of Zin.
  1909 | D:3      | Found a sacrificial altar of Ru.
  1935 | D:3      | Reached skill level 4 in Axes
  2082 | D:3      | Noticed Ijyb
  2088 | D:3      | Killed Ijyb
  2364 | D:3      | Identified a scroll of acquirement
  2364 | D:3      | Acquired the amulet "Puofag" {RegenMP rCorr Int+2 Slay+4
                  | Stlth-}
  2376 | D:4      | Noticed a necrophage
  2390 | D:3      | Killed a necrophage
  2391 | D:3      | Reached skill level 1 in Throwing
  2391 | D:3      | Reached XP level 5. HP: 46/47 MP: 4/4
  2483 | D:4      | Noticed a black bear
  2489 | D:4      | Killed a black bear
  2490 | D:4      | Reached skill level 5 in Axes
  2490 | D:4      | Reached XP level 6. HP: 53/53 MP: 5/5
  2594 | D:4      | Found a staircase to the Ecumenical Temple.
  2600 | D:4      | Slain by an ogre

Illustrated notes

Levels and vault maps discovered:
D:1:      lemuel_arrival_behind_the_door_small, layout_loops_cross,
          minmay_misc_feat_columns, minmay_small_reverse_x
D:2:      layout_basic, hex_tiny, minmay_domino_2, uniq_robin
D:3:      layout_loops_ring, gammafunk_temple_overflow_pools,
          pf_just_have_faith, uniq_ijyb
D:4:      layout_loops_ring, minmay_temple_entry_nine_rooms

Skill      XL: |  1  2  3  4  5 |
---------------+----------------+-----
Axes           | 3 4 5 |  5.1
Shields        | 4 |  4.8
Fighting       | 4 |  4.7
Armour         | 4 |  4.7
Throwing       | 1 |  1.7

Action                   |  1- 3 |  4- 6 || total
-------------------------+-------+-------++-------
Melee: War axe           |    83 |    49 ||   132
       Headbutt          |     8 |     9 ||    17
Throw: Dart              |       |     7 ||     7
  Use: Scroll            |     3 |     5 ||     8
Armor: Scale mail        |    45 |       ||    45
       Chain mail        |     1 |     3 ||     4
       Plate armour      |       |    33 ||    33
Dodge: Dodged            |    45 |    21 ||    66
Block: Buckler           |    12 |    10 ||    22

Table legend: (Time is in decaauts)
 A = Elapsed time spent in this place.
 B = Non-inter-level travel time spent in this place.
 C = Inter-level travel time spent in this place.
 D = Time resting spent in this place.
 E = Time spent auto-exploring this place.
 F = Levels seen in this place.
 G = Mean time per level.
                   A        B        C        D        E       F      G
               +--------+--------+--------+--------+--------+-----+--------+
         Total |   2647 |   2631 |     16 |      0 |   1745 |   4 |  661.8 |
       Dungeon |   2647 |   2631 |     16 |      0 |   1745 |   4 |  661.8 |
               +--------+--------+--------+--------+--------+-----+--------+

Top non-repeatable levels by time:
     D:2: 881 daAuts
     D:3: 776 daAuts
     D:1: 764 daAuts
     D:4: 225 daAuts
